 Dungeon Crawl Stone Soup version 0.22.1-1-ga44c0e5 (webtiles) character file.

501 wilfster70 the Ruffian (level 6, -2/61 HPs)
             Began as a Troll Abyssal Knight on Oct 12, 2018.
             Was a Believer of Lugonu.
             Slain by an iguana (12 damage)
             ... on level 5 of the Dungeon.
             The game lasted 00:10:41 (2866 turns).

wilfster70 the Ruffian (Troll Abyssal Knight)       Turns: 2866, Time: 00:10:42

Health: -2/61      AC:  8    Str: 21    XL:     6   Next: 95%
Magic:  7/7        EV:  8    Int: 10    God:    Lugonu [**....]
Gold:   308        SH:  8    Dex:  9    Spells: 5/5 levels left

rFire    . . .     SeeInvis .     - Unarmed
rCold    . . .     Gourm    +   h - +0 shield
rNeg     . . .     Faith    .   a - +1 robe
rPois    .         Spirit   .   (helmet restricted)
rElec    .         Reflect  .   n - +1 cloak
rCorr    .         Harm     .   (gloves unavailable)
MR       .....                  (boots unavailable)
Stlth    +.........             (no amulet)
HPRegen  0.60/turn              (no ring)
MPRegen  0.10/turn              (no ring)

@: lethally poisoned (-2 -> -3)
A: large, unfitting armour, claws 3, fast metabolism 3, gourmand, regeneration
1, shaggy fur 1, tough skin 2
a: Depart the Abyss, Bend Space, Renounce Religion


You were on level 5 of the Dungeon.
You worshipped Lugonu.
Lugonu was pleased with you.
You were very full.

You visited 1 branch of the dungeon, and saw 5 of its levels.
You visited the Abyss 1 time.

You collected 308 gold pieces.

Inventory:

Hand Weapons
 o - a +0 flail
Missiles
 e - 52 stones (quivered)
Armour
 a - a +1 robe (worn)
 h - a +0 shield (worn)
 n - a +1 cloak (worn)
Scrolls
 c - 4 scrolls of identify
 i - 3 scrolls of remove curse
 j - 4 scrolls of teleportation
 q - 3 scrolls of enchant weapon
Potions
 d - a potion of heal wounds {unknown}
 f - 3 potions of might
 g - a potion of lignification {unknown}
 k - a potion of curing {unknown}
 l - a potion of resistance {unknown}
 m - 3 potions of brilliance {unknown}
 p - a potion of haste {unknown}
Comestibles
 b - 9 rations


   Skills:
 + Level 3.5 Fighting
 - Level 1.9 Dodging
 + Level 2.4 Shields
 * Level 5.0 Unarmed Combat
 + Level 3.3 Invocations


You had 5 spell levels left.
You didn't know any spells.
Your spell library was empty.

Dungeon Overview and Level Annotations

Branches:
Dungeon (5/15)
 Temple: D:4-7

Altars:

Shops:
D:4 (

Annotations:
D:4 2 transporters, 3 runed doors, Curus's ghost, amateur MiGl


Innate Abilities, Weirdness & Mutations

You are too large for most types of armour.
You have claws for hands.
Your metabolism is lightning-fast.
You like to eat raw meat.
Your natural rate of healing is unusually fast.
You are covered in fur. (AC +1)
You have very tough skin. (AC +2)


Message History

The hound is lightly wounded.
You feel sick. The hound bites you but does no damage.
You block the quokka's attack.
The phantom blinks!
You barely miss the hound.
The hound is lightly wounded.
You feel sick. The hound bites you but does no damage.
The quokka barely misses you. The hound bites you but does no damage.
You miss the hound.
The hound is lightly wounded.
You block the hound's attack. The quokka barely misses you.
The hound barely misses you. You block the quokka's attack.
You claw the hound!
The hound is almost dead.
You feel sick. The hound closely misses you.
The iguana hisses menacingly.
The iguana closely misses you. The quokka barely misses you.
You barely miss the hound.
The hound is almost dead.
You block the hound's attack. The iguana bites you!
You die...

#. ##.#####
......# ...#.# #
#..#.## .#
#.....##.#
#........# #
####!...r...#.#
#..$...@......#
#.....†hl...###
#...#..W..#.#
#...........##
.. >.........<##
#
#..$.$.........#
####...#######.#
#... #...


You could see a phantom, an iguana, a hound and a quokka.

Vanquished Creatures
  An ogre (D:4)
  A water moccasin zombie (D:5)
  A jelly (D:3)
  2 orc priests (D:4)
  An orc wizard (D:3)
  3 worker ants
  2 hound skeletons (D:4)
  8 adders
  A dart slug (D:3)
  5 leopard geckos
  15 orcs
  3 bats
  2 giant cockroaches
  3 goblins
  4 hobgoblins
  4 jackals (D:3)
  A quokka (D:3)
  A ball python (D:2)
  A frilled lizard (D:4)
  7 kobolds
  9 rats
75 creatures vanquished.

Notes
Turn   | Place    | Note
-------+----------+-------------------------------------------
     0 | Abyss:1  | wilfster70 the Troll Abyssal Knight began the quest for the
                  | Orb.
     0 | Abyss:1  | Reached XP level 1. HP: 22/22 MP: 1/1
     2 | D:1      | Escaped the Abyss
   581 | D:2      | Reached XP level 2. HP: 29/29 MP: 2/2
   831 | D:2      | Reached * piety under Lugonu
   864 | D:2      | Reached XP level 3. HP: 28/36 MP: 3/3
   984 | D:2      | Found a faded altar of an unknown god.
  1156 | D:3      | Reached skill level 3 in Unarmed Combat
  1254 | D:3      | Reached skill level 1 in Shields
  1346 | D:3      | Reached XP level 4. HP: 38/44 MP: 4/4
  1507 | D:3      | Reached ** piety under Lugonu
  1718 | D:3      | Reached XP level 5. HP: 50/53 MP: 5/5
  1881 | D:4      | Reached skill level 4 in Unarmed Combat
  1926 | D:4      | Found a transporter.
  1928 | D:4      | Found a runed gate.
  1931 | D:4      | Found a runed gate.
  1931 | D:4      | Found a runed gate.
  1933 | D:4      | Noticed Curus's ghost (amateur MiGl)
  1966 | D:4      | Found a transporter.
  1971 | D:4      | Noticed an ogre
  1973 | D:4      | Found Henlau's Weapon Emporium.
  1980 | D:4      | Killed an ogre
  1980 | D:4      | Reached XP level 6. HP: 34/61 MP: 7/7
  2814 | D:5      | Entered Level 5 of the Dungeon
  2854 | D:5      | Reached skill level 5 in Unarmed Combat
  2866 | D:5      | Slain by an iguana

Skill      XL: |  1  2  3  4  5  6 |
---------------+-------------------+-----
Invocations    | 2 3 |  3.3
Unarmed Combat | 3 4 5 |  5.0
Shields        | 1 2 |  2.4
Fighting       | 3 |  3.5
Dodging        | |  1.9

Action                   |  1- 3 |  4- 6 || total
-------------------------+-------+-------++-------
Melee: Unarmed           |   104 |   168 ||   272
Invok: Depart the Abyss  |     1 |       ||     1
  Use: Scroll            |       |     9 ||     9
  Eat: Chunk             |    16 |    15 ||    31
Armor: Robe              |    41 |    63 ||   104
Dodge: Dodged            |    30 |    36 ||    66
Block: Shield            |    29 |    65 ||    94
